 Dungeon Crawl Stone Soup version 0.27.0-66-gdc8fb28755 (webtiles) character file.

Game seed: 8960812929318789143

989 Malachi the Chopper (level 8, 0/88 HPs)
             Began as a Djinni Berserker on Aug 20, 2021.
             Was a Priest of Trog.
             Slain by a wight (9 damage)
             ... on level 6 of the Dungeon.
             The game lasted 00:06:26 (7072 turns).

Malachi the Chopper (Djinni Berserker)              Turns: 7072, Time: 00:06:26

Health: 0/88       AC:  3    Str: 18    XL:     8   Next: 41%
Gold:   262        EV: 11    Int:  9    God:    Trog [***...] SH:  0 Dex: 16

rFire    + + .     SeeInvis .   a - +1 hand axe
rCold    x . .     Faith    .   (no shield)
rNeg     . . .     Spirit   .   c - +1 scale mail of Denum Fopreu {Will+ Dex+3}
rPois    ∞         Reflect  .   (no helmet)
rElec    .         Harm     .   (no cloak)
rCorr    .         Rampage  .   (no gloves)
Will     +....                  (boots unavailable)
Stlth    ..........             (no amulet)
HPRegen  0.24/turn              (no ring)
MPRegen  0.00/turn              (no ring)

@: berserking, corroded, flying, very quick
A: sickness immunity, fire resistance 2, cold vulnerability 1, float, innate
caster, hp casting, extra vitality 1
a: Renounce Religion, Berserk, Trog's Hand


You were on level 6 of the Dungeon.
You worshipped Trog.
Trog was most pleased with you.
You visited 1 branch of the dungeon, and saw 6 of its levels.

You collected 262 gold pieces.

Inventory:

Hand Weapons
 a - a +1 hand axe (weapon)
Armour
 c - the +1 scale mail of Denum Fopreu (worn) {Will+ Dex+3}
   (You found it on level 4 of the Dungeon)

   Dex:       It affects your dexterity (+3).
   Will:      It increases your willpower.
Wands
 e - a wand of polymorph (7)
Scrolls
 j - a scroll of amnesia
 l - 2 scrolls of magic mapping
Potions
 b - a potion of magic {unknown}
 d - 2 potions of heal wounds
 f - a potion of attraction
 g - 2 potions of haste
 h - 2 potions of ambrosia {unknown}
 i - a potion of curing {unknown}
 k - a potion of flight {unknown}
 m - a potion of resistance {unknown}
 n - a potion of lignification {unknown}


   Skills:
 + Level 5.0 Fighting
 + Level 5.9 Axes
 + Level 3.2 Armour
 + Level 4.0 Dodging
 + Level 2.3 Stealth


You had one spell level left.
You knew the following spells:

 Your Spells              Type           Power      Damage    Failure   Level
a - Apportation           Tloc           0%         N/A       77%         1
b - Passwall              Tmut/Erth      0%         N/A       88%         2
c - Swiftness             Air            0%         N/A       98%         3
Your spell library was empty.

Dungeon Overview and Level Annotations

Branches:
Dungeon (6/15)
 Temple: D:4-7

Altars:
Ashenzari
Trog
Zin


Innate Abilities, Weirdness & Mutations

You are immune to sickness and miasma.
You are immune to poison.
Your flesh is very heat resistant. (rF++)
You are vulnerable to cold. (rC-)
You float through the air rather than walking.
You learn spells naturally, not from books.
Your magical power is your life essence.
You have superior vitality. (+4 HP)


Message History

A wight comes into view. It is wielding a +4 battleaxe.
You slash the jelly!
Your hands burn!
The jelly is heavily wounded.
The jelly hits you but does no damage.
A red film seems to cover your vision as you go berserk!
You feel yourself moving faster!
You feel mighty! The jelly hits you. The acid corrodes you!
You are splashed with acid!
You completely miss the jelly.
The jelly is heavily wounded.
You hit the jelly.
Your hands burn!
The jelly is severely wounded.
You closely miss the wight. The jelly hits you but does no damage.
The wight hits you with a +0 great sword!
You slash the jelly!
You kill the jelly!
Trog accepts your kill.
You closely miss the wight.
The wight hits you with a +0 great sword!
You are too injured to fight recklessly!
You are too injured to fight recklessly!
You are too injured to fight recklessly!
A wight comes into view. It is wielding a +0 dagger.
Found 7 gold pieces and a fluorescent wand.
You hit the wight.
The wight is lightly damaged.
You barely miss the wight. The wight hits you with a +4 battleaxe!
* * * LOW HITPOINT WARNING * * *
The wight hits you with a +0 great sword.
* * * LOW HITPOINT WARNING * * *
Your scale mail of Denum Fopreu prevents you from hitting the wight.
The wight is lightly damaged.
You barely miss the wight. The wight closely misses you. The wight misses you.
You barely miss the wight.
The wight is lightly damaged.
You hit the wight but do no damage. The wight hits you with a +4 battleaxe!
* * * LOW HITPOINT WARNING * * *
Unknown command.
You barely miss the wight. x2
The wight hits you with a +0 great sword!
You die...

.### ..... .5..
..... .....
#..... .....
...... ......
#...... #...#
.......
#....#####.......
#....<.5.@z......
#..#.#...z?......
# #...###...z...
#...# .......
...#.. .......
#...##. $......
#... .. .......
.... .. /......


You could see 3 wights and a shadow imp.

Vanquished Creatures
  Eustachio (D:5)
  Menkaure (D:4)
  2 scorpions
  3 jellies
  An orc priest (D:4)
  3 hounds
  A centaur skeleton (D:5)
  Natasha (thrice) (D:3)
  2 orc wizards
  A hound skeleton (D:4)
  3 gnolls (D:4)
  3 adders
  An ufetubus (D:5)
  An adder skeleton (D:4)
  4 worms
  3 dart slugs
  14 orcs
  8 bats
  5 endoplasms
  2 giant cockroaches (D:3)
  6 goblins
  7 hobgoblins
  6 jackals
  11 kobolds
  8 quokkas
  7 ball pythons
  2 frilled lizards (D:1)
  8 rats
117 creatures vanquished.

Notes
Turn   | Place    | Note
-------+----------+-------------------------------------------
     0 | D:1      | Malachi the Djinni Berserker began the quest for the Orb.
     0 | D:1      | Reached XP level 1. HP: 20/20 MP: 0/0
   558 | D:1      | Reached XP level 2. HP: 25/25 MP: 0/0
  1015 | D:1      | Reached XP level 3. HP: 30/30 MP: 0/0
  1015 | D:1      | Learned a level 1 spell: Apportation
  1857 | D:2      | Found a faded altar of an unknown god.
  1997 | D:2      | Reached ** piety under Trog
  2154 | D:2      | Reached XP level 4. HP: 32/35 MP: 0/0
  2727 | D:3      | Found a bloodstained altar of Trog.
  3520 | D:3      | Reached XP level 5. HP: 41/41 MP: 0/0
  3520 | D:3      | Learned a level 2 spell: Passwall
  3735 | D:3      | Noticed Natasha
  3741 | D:3      | Killed Natasha
  4032 | D:3      | Found a broken altar of Ashenzari.
  4289 | D:3      | Noticed Natasha
  4296 | D:3      | Killed Natasha
  4297 | D:3      | Reached skill level 1 in Stealth
  4355 | D:3      | Noticed Natasha
  4361 | D:3      | Killed Natasha
  4414 | D:4      | Noticed Menkaure
  4420 | D:4      | Killed Menkaure
  4421 | D:4      | Reached XP level 6. HP: 47/47 MP: 0/0
  4444 | D:4      | Reached *** piety under Trog
  4700 | D:4      | Reached XP level 7. HP: 51/52 MP: 0/0
  4700 | D:4      | Learned a level 3 spell: Swiftness
  4751 | D:4      | Identified the +1 scale mail of Denum Fopreu {Will+ Dex+3}
  4775 | D:4      | HP: 3/79 [acid (9)]
  4778 | D:4      | Reached skill level 5 in Axes
  5717 | D:4      | Found a glowing silver altar of Zin.
  5941 | D:5      | Entered Level 5 of the Dungeon
  6287 | D:5      | Reached XP level 8. HP: 54/58 MP: 0/0
  6760 | D:5      | Noticed Eustachio
  6796 | D:5      | Killed Eustachio
  6797 | D:5      | Reached skill level 5 in Fighting
  7072 | D:6      | Slain by a wight

Illustrated notes

Levels and vault maps discovered:
D:1:      lemuel_arrival_muddy, layout_loops_ring
D:2:      layout_rooms, basic_ecumenical_altar, minmay_bisected
D:3:      layout_loops_corners, trog_butcher_becter,
          mainiacjoe_overflow_alcove_2, uniq_natasha
D:4:      layout_gridville, zin_scriptorium, uniq_menkaure
D:5:      layout_basic, uniq_eustachio
D:6:      layout_rooms, mainiacjoe_overflow_tiny_flanked,
          mainiacjoe_overflow_catwalk, kennysheep_little_box,
          nicolae_overflow_hidden_temple, minmay_temple_entry_nine_rooms

Skill      XL: |  1  2  3  4  5  6  7  8 |
---------------+-------------------------+-----
Axes           | 3 4 5 |  5.9
Dodging        | 3 4 |  4.0
Stealth        | 1 2 |  2.3
Fighting       | 4 5 |  5.0
Armour         | 3 |  3.2

Action                   |  1- 3 |  4- 6 |  7- 9 || total
-------------------------+-------+-------+-------++-------
Melee: Hand axe          |   113 |   117 |   166 ||   396
Invok: Berserk           |     6 |     8 |     6 ||    20
       Trog's Hand       |       |     1 |       ||     1
  Use: Scroll            |       |     5 |     1 ||     6
 Stab: Sleeping          |     2 |     4 |       ||     6
       Distracted        |       |     1 |       ||     1
Armor: Animal skin       |    21 |    15 |       ||    36
       Scale mail        |       |       |    66 ||    66
Dodge: Dodged            |    78 |    88 |   103 ||   269
